 Dungeon Crawl Stone Soup version 0.30.0-5-g1a98f26d00 (webtiles) character file.

Game seed: 16772604053707890236

3 SnakkuSnakku7 the Gusty (level 1, 0/16 HPs)
             Began as a Hill Orc Air Elementalist on May 12, 2023.
             Slain by a kobold
             ... wielding a +0 short sword
              (2 damage)
             ... on level 1 of the Dungeon.
             The game lasted 00:00:40 (107 turns).

SnakkuSnakku7 the Gusty (Hill Orc Air Elementalist)  Turns: 107, Time: 00:00:41

Health: 0/16       AC:  2    Str: 10    XL:     1   Next: 50%
Magic:  3/3        EV: 12    Int: 15    God:
Gold:   8          SH:  0    Dex: 11    Spells: 2/3 levels left

rFire   . . .        (no weapon)
rCold   . . .        (no shield)
rNeg    . . .        a - +0 robe
rPois   .            (no helmet)
rElec   .            (no cloak)
rCorr   .            (no gloves)
SInv    .            (no boots)
Will    .....        (no amulet)
Stlth   ++           (no ring)
HPRegen 0.22/turn    (no ring)
MPRegen 0.08/turn

%: no passive effects
@: no status effects
A: no striking features
a: no special abilities


You were on level 1 of the Dungeon.
You visited 1 branch of the dungeon, and saw 1 of its levels.

You collected 8 gold pieces.

Inventory:

Armour
 a - a +0 robe (worn)
Scrolls
 c - a scroll of immolation {unknown}
 d - 2 scrolls of identify {unknown}
 e - a scroll of teleportation {unknown}


   Skills:
 + Level 1.2 Fighting
 - Level 1.5 Dodging
 - Level 1.5 Stealth
 - Level 1.5 Spellcasting
 - Level 1.0 Conjurations
 - Level 2.4 Air Magic


You had 2 spell levels left.
You knew the following spells:

 Your Spells              Type           Power      Damage    Failure   Level
a - Shock                 Conj/Air       24%        1d4       12%         1

Your spell library contained the following spells:

 Spells                   Type           Power      Damage    Failure   Level
 Static Discharge         Conj/Air       12%        2-3/arc   17%         2
 Swiftness                Air            8%         N/A       26%         3
 Airstrike                Air            4%         2d(1-17)  65%         4


Dungeon Overview and Level Annotations

Branches:
Dungeon (1/15)

Altars:


Message History

The zap misses the kobold.
The zap misses the giant cockroach.
The zap hits the giant cockroach.
You kill the giant cockroach!
The zap misses the ball python.
The kobold misses you.
Your Fighting skill increases to level 1!
Unknown command.
Aiming: Shock (safe; 12% risk of failure)
Press: ? - help, Q - select action Shift-Dir - straight line, f - kobold
Aim: a kobold, wielding a +0 short sword (55% to hit)
The zap misses the kobold.
The zap hits the giant cockroach.
The giant cockroach is moderately wounded.
The zap hits the ball python.
The ball python is moderately wounded.
The kobold hits you with a +0 short sword.
You hit the kobold.
The kobold is moderately wounded.
The kobold hits you with a +0 short sword.
You hit the kobold but do no damage.
The kobold is moderately wounded.
The kobold barely misses you.
Found a stone staircase leading down.
Aiming: Shock (safe; 12% risk of failure)
Press: ? - help, Q - select action Shift-Dir - straight line, p - kobold The zap misses the kobold.
The zap hits the kobold.
The kobold is moderately wounded.
The kobold hits you with a +0 short sword.
Unknown command.
Unknown command.
You barely miss the kobold.
The kobold is moderately wounded.
The kobold hits you with a +0 short sword.
You hit the kobold.
The kobold is severely wounded.
The kobold hits you with a +0 short sword.
* * * LOW HITPOINT WARNING * * *
Unknown command.
Magic courses through your body.
The kobold hits you with a +0 short sword.
You die...

....#.####..###
#.##
#.........# #.#
#.........#
#.##
##....#####
#..##
:....#.#†#
#...# ... #.#.#
#.#.# . .B#S#
## #...# ...#.#
##># #.>.#
....#.###@#
#...#
.##..#.SBK##
#.#.# #.
##.#####.#
#...# #.# #.#.#
## #...#
######.#.######
#.............#
#.............#
#......<......#


You could see a giant cockroach, a ball python and a kobold.

Vanquished Creatures
  A giant cockroach (D:1)
  A hobgoblin (D:1)
  A rat (D:1)
3 creatures vanquished.

Notes
Turn   | Place    | Note
-------+----------+-------------------------------------------
     0 | D:1      | SnakkuSnakku7 the Hill Orc Air Elementalist began the quest
                  | for the Orb.
     0 | D:1      | Reached XP level 1. HP: 14/14 MP: 3/3
    97 | D:1      | Reached skill level 1 in Fighting
   107 | D:1      | Slain by a kobold

Illustrated notes

Levels and vault maps discovered:
D:1:      lemuel_arrival_hallway, layout_loops_ring, kennysheep_doodads

Skill      XL: |  1 |
---------------+----+-----
Fighting       | 1 |  1.2
Dodging        | |  1.5
Stealth        | |  1.5
Spellcasting   | |  1.5
Conjurations   | |  1.0
Air Magic      | |  2.4

Action                     || total
---------------------------++-------
  Melee: Unarmed           ||     6
   Cast: Shock             ||     6
    Use: Potion            ||     1
   Stab: Sleeping          ||     1
  Dodge: Dodged            ||     4
